 Dungeon Crawl Stone Soup version 0.26-a0-708-g17f3b19 (webtiles) character file.

Game seed: 2893709476563418493

215 BarneyGumball the Chopper (level 5, -7/46 HPs)
             Began as a Minotaur Berserker on Oct 28, 2020.
             Was a Believer of Trog.
             Mangled by an ogre
             ... wielding a +0 giant spiked club
              (28 damage)
             ... on level 4 of the Dungeon.
             The game lasted 00:01:36 (2691 turns).

BarneyGumball the Chopper (Minotaur Berserker)      Turns: 2691, Time: 00:01:37

Health: -7/46      AC:  2    Str: 22    XL:     5   Next: 60%
Magic:  4/4        EV: 12    Int:  4    God:    Trog [**....]
Gold:   170        SH:  0    Dex: 10    Spells: 4/4 levels left

rFire    . . .     SeeInvis .   a - +0 hand axe
rCold    . . .     Faith    .   (no shield)
rNeg     . . .     Spirit   .   b - +0 animal skin
rPois    .         Reflect  .   (helmet restricted)
rElec    .         Harm     .   (no cloak)
rCorr    .         Rampage  .   (no gloves)
MR       .....                  (no boots)
Stlth    +.........             (no amulet)
HPRegen  0.15/turn              (no ring)
MPRegen  0.09/turn              (no ring)

@: no status effects
A: retaliatory headbutt, horns 2
a: Berserk, Trog's Hand, Renounce Religion


You were on level 4 of the Dungeon.
You worshipped Trog.
Trog was pleased with you.
You visited 1 branch of the dungeon, and saw 4 of its levels.

You collected 170 gold pieces.

Inventory:

Hand Weapons
 a - a +0 hand axe (weapon)
Armour
 b - a +0 animal skin (worn)
Jewellery
 g - a cursed -4 ring of strength {unknown}
Scrolls
 d - a scroll of teleportation {unknown}
 e - 2 scrolls of fog {unknown}
 f - a scroll of identify {unknown}
 j - a scroll of random uselessness {unknown}
 k - a scroll of amnesia {unknown}
Potions
 c - a potion of mutation {unknown}
 h - a potion of resistance {unknown}
 i - 3 potions of flight {unknown}
 l - 2 potions of heal wounds {unknown}


   Skills:
 - Level 3.6 Fighting
 * Level 7.6 Axes
 - Level 2.5 Armour
 - Level 2.2 Dodging


You had 4 spell levels left.
You didn't know any spells.
Your spell library was empty.

Dungeon Overview and Level Annotations

Branches:
Dungeon (4/15)
 Temple: D:4-7

Altars:


Innate Abilities, Weirdness & Mutations

You reflexively headbutt those who attack you in melee.
You have a pair of horns on your head.


Message History

The ogre is severely wounded.
The ogre hits you with a +0 giant spiked club!!
Ouch! That really hurt!
You are too injured to fight recklessly!
You are too injured to fight recklessly!
You are too injured to fight recklessly!
You are too injured to fight recklessly!
You are too injured to fight recklessly!
You are too injured to fight recklessly!
You are too injured to fight recklessly!
You are too injured to fight recklessly!
You are too injured to fight recklessly!
You are too injured to fight recklessly!
You are too injured to fight recklessly!
You are too injured to fight recklessly!
You completely miss the ogre.
The ogre is severely wounded.
The ogre hits you with a +0 giant spiked club!!
Ouch! That really hurt!
You die...

## .##
#............. ..##
............. ...#
#............ ..#
#............ .##
#$..=....... ###
#........... ..#
#....O...... #...###
#..@..o.# #....###
###.......#
#....###............
#......###########
##..#### ##..##
#..## ##.## ##..#


You could see an ogre and an orc.

Vanquished Creatures
  A quasit (D:2)
  A hound (D:4)
  Natasha (D:4)
  5 adders
  A white imp (D:2)
  An ufetubus (D:2)
  2 oozes
  2 worms
  4 leopard geckos
  An orc (D:3)
  3 bats
  5 giant cockroaches
  8 goblins
  5 hobgoblins
  6 kobolds
  2 quokkas (D:2)
  3 frilled lizards
  2 rats
53 creatures vanquished.

Notes
Turn   | Place    | Note
-------+----------+-------------------------------------------
     0 | D:1      | BarneyGumball the Minotaur Berserker began the quest for
                  | the Orb.
     0 | D:1      | Reached XP level 1. HP: 19/19 MP: 0/0
    61 | D:1      | Reached skill level 4 in Axes
   199 | D:1      | Reached XP level 2. HP: 16/27 MP: 1/1
  1080 | D:2      | Reached skill level 5 in Axes
  1080 | D:2      | Reached XP level 3. HP: 20/33 MP: 2/2
  1278 | D:2      | Reached XP level 4. HP: 35/40 MP: 3/3
  1284 | D:2      | Reached skill level 6 in Axes
  1679 | D:2      | Reached ** piety under Trog
  2192 | D:2      | Reached XP level 5. HP: 46/46 MP: 4/4
  2241 | D:3      | Reached skill level 7 in Axes
  2419 | D:4      | Noticed Natasha
  2428 | D:4      | Killed Natasha
  2683 | D:4      | Noticed an ogre
  2691 | D:4      | Mangled by an ogre

Illustrated notes

Levels and vault maps discovered:
D:1:      shiori_arrival_elements, layout_basic, hangedman_feature_mirror
D:2:      layout_rooms, st_stairs_8, kennysheep_generic_room_5
D:3:      layout_loops_ring
D:4:      layout_cave_pods, uniq_ijyb, uniq_natasha

Skill      XL: |  1  2  3  4  5 |
---------------+----------------+-----
Axes           | 4 5 6 7 |  7.6
Fighting       | |  3.6
Armour         | |  2.5
Dodging        | |  2.2

Action                   |  1- 3 |  4- 6 || total
-------------------------+-------+-------++-------
Melee: Hand axe          |    45 |    86 ||   131
       Headbutt          |     4 |    14 ||    18
Armor: Animal skin       |    10 |     5 ||    15
Dodge: Dodged            |    33 |    45 ||    78

Table legend: (Time is in decaauts)
 A = Elapsed time spent in this place.
 B = Non-inter-level travel time spent in this place.
 C = Inter-level travel time spent in this place.
 D = Time resting spent in this place.
 E = Time spent auto-exploring this place.
 F = Levels seen in this place.
 G = Mean time per level.
                   A        B        C        D        E       F      G
               +--------+--------+--------+--------+--------+-----+--------+
         Total |   2690 |   2625 |     65 |      0 |   2350 |   4 |  672.5 |
       Dungeon |   2690 |   2625 |     65 |      0 |   2350 |   4 |  672.5 |
               +--------+--------+--------+--------+--------+-----+--------+

Top non-repeatable levels by time:
     D:2: 1127 daAuts
     D:1: 1075 daAuts
     D:4: 272 daAuts
     D:3: 215 daAuts
